AoeStats
← Consultio

Arabia

510189890Analyzed
1v1 RM · 2d ago on Sep 29, 2026· 13m 25s· 2 players
Game mode
Random Map
Map size
Tiny (2 player)
Population
200
Speed
Normal
Resources
Standard
Victory
Conquest
Starting age
Dark Age
Ending age
Imperial Age
RankedLock teamsTeams togetherTeam positionsShared explorationLock speedFull tech treeHidden civsTurbo modeCheats
Victory
Defeat
🇦🇷 Romans · Argentina
1252
+16
🇬🇧 Inca · United Kingdom
1246
-16
Consultio
2:07 Loom
10:50 Feudal Age
Marcox
9:16 Feudal Age
10:52 Gold Mining
11:43 Scale Mail Armor
11:53 Forging
11:57 Man-at-Arms
12:45 Loom
12:49 Double-Bit Axe
13:38 Forging
Connection lost

Rejoining the realm…

Still unreachable

The connection could not be restored.

Session expired

The server has moved on; the page needs a fresh start.